 Dungeon Crawl Stone Soup version 0.31-a0-232-gb1c03b2570 (webtiles) character file.

Game seed: 9802331283781818319

95 qw the Shooter (level 4, 0/26 HPs)
             Began as a Gargoyle Hexslinger on July 7, 2023.
             Slain by a gnoll
             ... wielding a +0 flail
              (9 damage)
             ... on level 3 of the Dungeon.
             The game lasted 00:00:43 (1699 turns).

qw the Shooter (Gargoyle Hexslinger)                Turns: 1699, Time: 00:00:43

Health: 0/26       AC:  5    Str: 11    XL:     4   Next: 66%
Magic:  5/5        EV: 12    Int: 14    God:
Gold:   125        SH:  0    Dex: 14    Spells: 4/5 levels left

rFire   . . .        Y - +1 sling
rCold   . . .        (no shield)
rNeg    + . .        c - +0 robe
rPois   inf          (no helmet)
rElec   +            (no cloak)
rCorr   .            (no gloves)
SInv    .            (no boots)
Will    .....        (no amulet)
Stlth   +            (no ring)
HPRegen 0.24/turn    (no ring)
MPRegen 0.09/turn

%: no passive effects
@: no status effects
A: sickness immunity, AC +3, negative energy resistance 1, electricity
resistance, torment resistance 1, petrification resistance
a: no special abilities


You were on level 3 of the Dungeon.
You visited 1 branch of the dungeon, and saw 3 of its levels.

You collected 125 gold pieces.


Innate Abilities, Weirdness & Mutations

You are immune to sickness and miasma.
Your stone body is resilient. (AC +3)
You are immune to poison.
You resist negative energy. (rN+)
You are resistant to electric shocks. (rElec)
You are resistant to unholy torment.
You are immune to petrification.


   Skills:
 - Level 2.0 Fighting
 + Level 4.4 Ranged Weapons
 - Level 1.5 Dodging
 - Level 1.0 Spellcasting
 - Level 2.6 Hexes


You had 4 spell levels left.
You knew the following spells:

 Your Spells              Type           Power      Damage    Failure   Level
a - Slow                  Hex            32%        N/A       9%          1

Your spell library contained the following spells:

 Spells                   Type           Power      Damage    Failure   Level
 Inner Flame              Hex/Fire       4%         N/A       41%         3
 Portal Projectile        Hex/Tloc       8%         N/A       41%         3
 Cause Fear               Hex            4%         N/A       65%         4

Inventory:

Hand Weapons
 Y - a +1 sling (weapon)
Armour
 b - a +0 leather armour
 c - a +0 robe (worn)
 d - a scarf of harm
 h - a +0 pair of boots
Scrolls
 a - a scroll of identify
Potions
 e - 2 potions of enlightenment
 f - a potion of mutation
 g - a potion of heal wounds
 i - a potion of brilliance {unknown}

Dungeon Overview and Level Annotations

Branches:
Dungeon (3/15)

Altars:


Message History

You shoot a sling bullet. The sling bullet hits the gnoll.
The gnoll is heavily wounded.
A gnoll comes into view. It is wielding a +0 whip.
You shoot a sling bullet. The gnoll shouts!
The sling bullet hits the gnoll.
The gnoll is severely wounded.
You shoot a sling bullet.
The sling bullet closely misses the gnoll.
The sling bullet barely misses the gnoll.
The gnoll hits you but does no damage.
You shoot a sling bullet. The sling bullet hits the gnoll.
The gnoll is almost dead.
The gnoll hits you with a +0 flail.
You shoot a sling bullet. The sling bullet hits the gnoll.
The gnoll is almost dead.
The gnoll completely misses you. The gnoll closely misses you.
You shoot a sling bullet.
The sling bullet hits the gnoll but does no damage.
The gnoll is almost dead.
The gnoll hits you with a +0 club. The gnoll hits you with a +0 whip.
The gnoll barely misses you.
You shoot a sling bullet. The sling bullet hits the gnoll.
You kill the gnoll!
The gnoll completely misses you. The gnoll barely misses you.
The gnoll closely misses you. The gnoll barely misses you.
The gnoll hits you with a +0 flail.
You shoot a sling bullet.
The sling bullet closely misses the gnoll.
The gnoll barely misses you. The gnoll hits you with a +0 whip.
The gnoll hits you with a +0 flail!
You shoot a sling bullet.
The sling bullet barely misses the gnoll.
The gnoll barely misses you. The gnoll closely misses you.
The gnoll barely misses you.
You shoot a sling bullet. The sling bullet hits the gnoll.
The gnoll is moderately wounded.
The gnoll misses you. The gnoll closely misses you.
The gnoll hits you with a +0 flail!
You die...

.########### ..###
........... ......
.......... ...###
.........$ ..##
#^........ ..#
#......... ###
#.........
#.gg......
##.@g......
###..########
##...##
###########..######
....................
....................
..~~....~~~.~~~~~~..
~~~~~~~~~~~~~~~~~...
~~~~~~~~~~~~~~~~~~..


You could see 3 gnolls.

Vanquished Creatures
  A gnoll (D:3)
  An adder (D:2)
  2 worms
  5 dart slugs
  5 bats
  6 endoplasms
  A giant cockroach (D:1)
  5 goblins
  5 hobgoblins
  8 kobolds
  2 quokkas (D:1)
  5 ball pythons
  4 frilled lizards
  8 rats
58 creatures vanquished.

Notes
Turn   | Place    | Note
-------+----------+-------------------------------------------
     0 | D:1      | qw the Gargoyle Hexslinger began the quest for the Orb.
     0 | D:1      | Reached XP level 1. HP: 12/12 MP: 2/2
     0 | D:1      | 0 ||| qw: Version: 0.3-a-46-gb1f654a
     0 | D:1      | 0 ||| qw: Game counter: 2384
     0 | D:1      | 0 ||| qw: Melee chars always use a shield: true
     0 | D:1      | 0 ||| qw: God list: Okawaru
     0 | D:1      | 0 ||| qw: Allow faded altars: false
     0 | D:1      | 0 ||| qw: Do Orc after clearing Dungeon:15 true
     0 | D:1      | 0 ||| qw: Do second Lair branch before Depths: true
     0 | D:1      | 0 ||| qw: Lair rune preference: random
     0 | D:1      | 0 ||| qw: Goals: Normal
     0 | D:1      | 0 ||| PLANNING D:1-11
    54 | D:1      | Found a faded altar of an unknown god.
    82 | D:1      | Reached XP level 2. HP: 15/16 MP: 3/3
   169 | D:1      | Reached skill level 3 in Ranged Weapons
   311 | D:1      | Reached XP level 3. HP: 21/21 MP: 4/4
   637 | D:1      | 637 ||| READING scroll labelled SANEZXA BYMU.
   638 | D:1      | 638 ||| READING scroll labelled VEROEG MUN SABEU.
   639 | D:1      | 639 ||| READING scroll labelled BIOGRI VOUKLED.
   640 | D:1      | 640 ||| READING scroll labelled DUENWEWACY.
   641 | D:1      | 641 ||| READING scroll labelled CUSHRU LYZI BAE.
   646 | D:1      | 646 ||| DRINKING 2 puce potions.
   647 | D:1      | 647 ||| DROPPING scroll of poison.
   915 | D:2      | Reached XP level 4. HP: 26/26 MP: 5/5
   983 | D:2      | Reached skill level 4 in Ranged Weapons
  1462 | D:2      | 1462 ||| READING scroll labelled PULOJEAMMU.
  1563 | D:2      | 1563 ||| READING scroll labelled DADOOH CUOXI.
  1564 | D:2      | 1564 ||| DRINKING 3 fuming green potions.
  1565 | D:2      | 1565 ||| READING 2 scrolls of identify.
  1565 | D:2      | 1565 ||| IDENTIFYING emerald potion
  1699 | D:3      | Slain by a gnoll

Levels and vault maps discovered:
D:1:      psy_arrival_statuary, layout_basic, hellmonk_ecumenical_altar_run_dry
D:2:      layout_loops_corners
D:3:      minmay_goblin_kobold_castle, layout_rooms, trog_book,
          nicolae_underground_beach

Skill      XL: |  1  2  3  4 |
---------------+-------------+-----
Ranged Weapons | 3 4 |  4.4
Fighting       | 2 |  2.0
Dodging        | |  1.5
Spellcasting   | |  1.0
Hexes          | |  2.6

Action                     |  1- 3 |  4- 6 || total
---------------------------+-------+-------++-------
   Fire: Sling             |    99 |    75 ||   174
    Use: Scroll            |     5 |     3 ||     8
         Potion            |     1 |     1 ||     2
 Armour: Robe              |     9 |     4 ||    13
  Dodge: Dodged            |    33 |    24 ||    57

Table legend:
 A = Non-vault XP
 B = Vault XP
 C = Vault XP percentage of total XP
 D = Non-vault monster count
 E = Vault monster count
 F = Vault count percentage of total count
                 A         B        C        D         E       F
            +---------+---------+-------+---------+---------+-------
      Total |     135 |       2 |   1.5 |      57 |       1 |   1.7
            +---------+---------+-------+---------+---------+-------
        D:1 |      54 |       0 |   0.0 |      31 |       0 |   0.0
        D:2 |      50 |       0 |   0.0 |      19 |       0 |   0.0
        D:3 |      31 |       2 |   6.1 |       7 |       1 |  12.5
            +---------+---------+-------+---------+---------+-------
